[Event "SVK ECo-C Extraliga 2018-19"]
[Site "Slovakia"]
[Date "2019.04.13"]
[Round "10.6"]
[White "Maslik, Miroslav"]
[Black "Kopera, Michal"]
[Result "1-0"]
[ECO "A11"]
[WhiteElo "2366"]
[BlackElo "2136"]
[Annotator "NA"]
[PlyCount "63"]
[EventDate "2018.11.10"]
[EventType "team-tourn"]
[EventCountry "SVK"]
[SourceTitle "playchess.com"]
[Source "ChessBase"]
[SourceQuality "1"]
[WhiteTeam "Modra"]
[BlackTeam "Zilina"]
[TimeControl "40/5400+30:1800+30"]

1. Nf3 Nf6 2. g3 d5 3. Bg2 c6 4. O-O Bg4 5. c4 e6 6. d3 Bxf3 {[%emt 0:03:08] A11: English Opening: 1...c6} 7. Bxf3 Be7 8. cxd5 exd5 9. e4 Nbd7 10. Nc3 $146 ({Predecessor:} 10. Bf4 O-O 11. Nc3 dxe4 12. dxe4 {1-0 (40) Schnitzspan,L (2317)-Reh,S (2019) Germany 2015}) 10... Ne5 11. Bg2 dxe4 12. dxe4 O-O 13. Qb3 Qb6 14. Qc2 Rfd8 15. Be3 Qa5 16. Rad1 Rxd1 17. Rxd1 Neg4 {[%emt 0:02:44] [#]} 18. Bd4 $1 c5 19. Bxf6 Bxf6 20. h3 Ne5 $16 21. f4 Nc4 22. Nd5 Qxa2 23. Nxf6+ gxf6 24. Qc3 Qa6 25. b3 Nd6 26. Qxf6 Ne8 27. Qe7 c4 28. bxc4 Qxc4 29. Qg5+ Kf8 30. Rd5 Qc3 31. Rd7 Rc8 32. Qe7+ 1-0

[Event "SVK ECo-C Extraliga 2018-19"]
[Site "Slovakia"]
[Date "2019.04.13"]
[Round "10.6"]
[White "Jurcik, Martin"]
[Black "Chovan, Milan"]
[Result "1-0"]
[ECO "C45"]
[WhiteElo "2335"]
[BlackElo "2328"]
[Annotator "NA"]
[PlyCount "115"]
[EventDate "2018.11.10"]
[EventType "team-tourn"]
[EventCountry "SVK"]
[SourceTitle "playchess.com"]
[Source "ChessBase"]
[SourceQuality "1"]
[WhiteTeam "Dunajov"]
[BlackTeam "Podhajska"]
[TimeControl "40/5400+30:1800+30"]

1. e4 e5 2. Nf3 Nc6 3. d4 exd4 4. Nxd4 Bc5 5. Nb3 Bb6 6. Nc3 Nf6 7. Bg5 h6 8. Bh4 O-O {[%emt 0:00:14] C45: Scotch Game} 9. Qe2 a5 10. a4 Nd4 11. Qd3 Nxb3 12. cxb3 c6 13. O-O-O d5 14. exd5 cxd5 {[%emt 0:00:08] [#]} 15. Qc2 $146 d4 16. Bc4 Be6 17. Bxe6 fxe6 18. Kb1 Qc7 19. Nb5 Qxc2+ 20. Kxc2 Ng4 21. Rhe1 Nxf2 22. Rd2 d3+ 23. Kb1 Rac8 24. Rxe6 Rc6 $14 25. Rxc6 bxc6 26. Bxf2 Bxf2 27. Nd6 Rd8 28. Rxf2 Rxd6 29. Kc1 g5 30. Kd2 Kg7 31. Rf5 Kg6 32. Rxa5 Rf6 33. Rc5 Rf2+ 34. Kxd3 Rxb2 35. Rxc6+ Kh5 36. Rc2 Rxb3+ 37. Kc4 Ra3 38. Kb4 Ra1 39. a5 Kg6 40. Kb5 Kf7 41. Re2 Rb1+ 42. Kc6 Rc1+ 43. Kb7 Rb1+ 44. Ka7 g4 45. a6 h5 46. Ka8 Rb3 47. a7 Rb5 48. g3 Rb1 49. Re5 Rb2 50. Rxh5 Ke7 51. Rh8 Kd6 52. Rb8 Rxh2 53. Kb7 Rb2+ 54. Kc8 Rc2+ 55. Kd8 Rh2 56. Rb6+ Kc5 57. Rc6+ Kd5 58. Ra6 1-0